 Dungeon Crawl Stone Soup version 0.31.0-9-g3a7656b989 (webtiles) character file.

Game seed: 6497841455839819966

55 qw the Shooter (level 3, -2/18 HPs)
             Began as a Spriggan Hunter on Feb 2, 2024.
             Slain by a gnoll
             ... wielding a +0 halberd
              (5 damage)
             ... on level 2 of the Dungeon.
             The game lasted 00:00:05 (1440 turns).

qw the Shooter (Spriggan Hunter)                    Turns: 1440, Time: 00:00:06

Health: -2/18      AC:  2    Str:  7    XL:     3   Next: 67%
Magic:  4/4        EV: 19    Int: 10    God:
Gold:   74         SH:  0    Dex: 20    Spells: 2/2 levels left

rFire   . . .        a - +0 shortbow
rCold   . . .        (shield currently unavailable)
rNeg    . . .        c - +0 robe
rPois   .            (helmet restricted)
rElec   .            (no cloak)
rCorr   .            (gloves unavailable)
SInv    +            (boots unavailable)
Will    .....        (no amulet)
Stlth   ++           (no ring)
HPRegen 0.23/turn    (no ring)
MPRegen 0.09/turn

%: no passive effects
@: very quick
A: very small, no large weapons, unfitting armour, see invisible, speed 3
a: no special abilities


You were on level 2 of the Dungeon.
You visited 1 branch of the dungeon, and saw 2 of its levels.

You collected 74 gold pieces.


Innate Abilities, Weirdness & Mutations

You are very small and have problems with some larger weapons.
You are too small for most types of armour.
You have supernaturally acute eyesight. (SInv)
You cover ground extremely quickly. (Speed+++)


   Skills:
 - Level 1.5 Fighting
 + Level 4.8 Ranged Weapons
 - Level 4.1 Dodging
 - Level 1.5 Stealth


You had 2 spell levels left.
You didn't know any spells.
Your spell library was empty.

Inventory:

Hand Weapons
 a - a +0 shortbow (weapon)
Armour
 c - a +0 robe (worn)
Scrolls
 b - a scroll of vulnerability {unknown}

Dungeon Overview and Level Annotations

Branches:
Dungeon (2/15)

Altars:


Message History

You open the door. 4 gnolls and a rat come into view.
The gnoll shouts!
Enter note:
Enter note:
Enter note:
Enter note: You shoot an arrow.
The gnoll shouts! x2; The rat squeaks loudly.
The arrow hits the gnoll!
The gnoll is severely wounded.
You shoot an arrow. The arrow hits the gnoll.
You kill the gnoll!
You shoot an arrow. The arrow closely misses the gnoll.
The arrow barely misses the rat.
The arrow barely misses the gnoll.
The gnoll closely misses you.
You shoot an arrow. The arrow barely misses the gnoll.
The arrow hits the rat.
You kill the rat!
The gnoll hits you with a +0 flail. The gnoll closely misses you.
You shoot an arrow. The arrow hits the gnoll.
The gnoll is lightly wounded.
The gnoll misses you. The gnoll closely misses you.
You shoot an arrow. The arrow closely misses the gnoll.
The arrow hits the gnoll but does no damage.
The gnoll misses you. The gnoll completely misses you.
You shoot an arrow. The arrow hits the gnoll!
The gnoll is severely wounded.
The gnoll barely misses you. The gnoll completely misses you.
The gnoll misses you. The gnoll hits you with a +0 flail!
Ouch! That really hurt!
You shoot an arrow. The arrow hits the gnoll.
The gnoll is almost dead.
The gnoll hits you with a +0 flail. The gnoll misses you.
You shoot an arrow. The arrow hits the gnoll.
You kill the gnoll!
The gnoll hits you from afar with a +0 halberd.
You shoot an arrow. The arrow barely misses the gnoll.
The gnoll closely misses you.
The gnoll hits you from afar with a +0 halberd.
You die...

......# #.# ......# #.#
......# #.# ......# ## #.#
......# ... #.# ......# ....
#.# .....## ..... #.#
###.#### ......############.#
.#.....+ .....)g@........##.#
.#.##### .....g#########.##.#
.#.# ##### #.##.# .#.# #.##.#
.#.# #.##.#
.#.#####################.##.#
%..#.....................##.#
.).#.######################.#
.#.#.# #................#


You could see 2 gnolls.

Vanquished Creatures
  2 gnolls (D:2)
  A ribbon worm (D:2)
  A ball python (D:2)
  4 endoplasms
  8 goblins
  3 hobgoblins
  3 quokkas (D:2)
  2 bats
  A frilled lizard (D:1)
  2 kobolds (D:2)
  2 rats (D:2)
29 creatures vanquished.

Notes
Turn   | Place    | Note
-------+----------+-------------------------------------------
     0 | D:1      | qw the Spriggan Hunter began the quest for the Orb.
     0 | D:1      | Reached XP level 1. HP: 10/10 MP: 2/2
     0 | D:1      | 0 ||| qw: Version: 0.3-a-155-g5e7d8dd
     0 | D:1      | 0 ||| qw: Game counter: 828
     0 | D:1      | 0 ||| qw: Melee chars always use a shield: true
     0 | D:1      | 0 ||| qw: God list: Okawaru
     0 | D:1      | 0 ||| qw: Allow faded altars: false
     0 | D:1      | 0 ||| qw: Do Orc after clearing Dungeon:15 true
     0 | D:1      | 0 ||| qw: Do second Lair branch before Depths: true
     0 | D:1      | 0 ||| qw: Lair rune preference: random
     0 | D:1      | 0 ||| qw: Goals: Normal
     0 | D:1      | 0 ||| PLANNING D:1-11
     6 | D:1      | Noticed an iguana
     6 | D:1      | Noticed a hog
     6 | D:1      | Noticed a mana viper
     7 | D:1      | Noticed a six-headed hydra
     7 | D:1      | Noticed a killer bee
    84 | D:1      | Reached skill level 3 in Dodging
   482 | D:1      | Reached XP level 2. HP: 14/14 MP: 3/3
   566 | D:1      | 566 ||| READING scroll labelled EWNAYTWOKK.
   566 | D:1      | 566 ||| IDENTIFYING emerald potion
   567 | D:1      | 567 ||| READING scroll labelled USESHR WOICLURI.
   568 | D:1      | 568 ||| READING scroll labelled EGAHIM VUCVOCH.
   569 | D:1      | 569 ||| READING scroll labelled GIVODD MEOVOR.
   570 | D:1      | 570 ||| READING scroll labelled BITU ZYWUGURUC.
   571 | D:1      | 571 ||| READING scroll labelled RIDYOXKIPP.
   596 | D:1      | 596 ||| READING scroll labelled KUESMEH SUGEF.
   597 | D:1      | 597 ||| DROPPING scroll of butterflies.
   598 | D:1      | 598 ||| DROPPING potion of ambrosia.
  1083 | D:2      | Reached XP level 3. HP: 18/18 MP: 4/4
  1439 | D:2      | HP: 3/18 [gnoll/+0 halberd (4)]
  1440 | D:2      | Slain by a gnoll

Levels and vault maps discovered:
D:1:      onia_arrival_zoo_common, layout_basic
D:2:      layout_basic, hangedman_decor_diamond_cutter

Skill      XL: |  1  2 |
---------------+-------+-----
Dodging        | 3 4 |  4.1
Fighting       | |  1.5
Ranged Weapons | |  4.8
Stealth        | |  1.5

Action                     || total
---------------------------++-------
   Fire: Shortbow          ||    74
    Use: Scroll            ||     7
 Armour: Robe              ||    10
  Dodge: Dodged            ||    27

Table legend:
 A = Non-vault XP
 B = Vault XP
 C = Vault XP percentage of total XP
 D = Non-vault monster count
 E = Vault monster count
 F = Vault count percentage of total count
                 A         B        C        D         E       F
            +---------+---------+-------+---------+---------+-------
      Total |      79 |       0 |   0.0 |      29 |       0 |   0.0
            +---------+---------+-------+---------+---------+-------
        D:1 |      14 |       0 |   0.0 |       8 |       0 |   0.0
        D:2 |      65 |       0 |   0.0 |      21 |       0 |   0.0
            +---------+---------+-------+---------+---------+-------
